AoeStats
← CrazyAgu4400

Arabia

509010975Analyzed
2v2 RM · 6d ago on Sep 25, 2026· 60m 34s· 4 players
Game mode
Random Map
Map size
Medium (4 player)
Population
200
Speed
Normal
Resources
Standard
Victory
Conquest
Starting age
Dark Age
Ending age
Imperial Age
RankedLock teamsTeams togetherTeam positionsShared explorationLock speedFull tech treeHidden civsTurbo modeCheats
Victory
Defeat
🇦🇷 Saracens · Argentina
1085
+14
🇦🇷 Japanese · Argentina
1073
+14
🇺🇸 Mongols · United States
1050
-14
🇺🇸 Huns · United States
1026
-14
Haze42020
8:25 Feudal Age
8:57 Loom
13:04 Double-Bit Axe
19:24 Castle Age
20:50 Bow Saw
20:51 Light Cavalry
21:42 Horse Collar
25:06 Fletching
30:16 Padded Archer Armor
30:59 Ballistics
30:35 Gold Mining
36:45 Bodkin Arrow
40:04 Bloodlines
44:11 Gold Shaft Mining
44:30 Scale Barding Armor
48:34 Wheelbarrow
48:12 Stone Mining
51:03 Imperial Age
49:41 Chain Barding Armor
51:35 Hussar
52:17 Husbandry
51:51 Onager
51:55 Capped Ram
54:23 Thumb Ring
55:18 Siege Ram
57:36 Forging
57:28 Bracer
60:29 Iron Casting
59:55 Padded Archer Armor
KentaviousJR
10:58 Feudal Age
13:05 Fletching
16:07 Forging
32:57 Castle Age
38:16 Husbandry
43:03 Bloodlines
CrazyAgu4400
8:58 Loom
10:44 Feudal Age
11:35 Man-at-Arms
12:35 Double-Bit Axe
13:40 Scale Mail Armor
16:03 Forging
16:43 Fletching
21:16 Wheelbarrow
20:25 Horse Collar
25:06 Castle Age
23:39 Gold Mining
24:48 Town Watch
26:07 Chain Mail Armor
25:22 Elite Skirmisher
26:41 Bow Saw
26:21 Long Swordsman
26:48 Gambesons
28:33 Squires
30:17 Gold Shaft Mining
30:22 Iron Casting
29:47 Padded Archer Armor
36:45 Imperial Age
35:38 Heavy Plow
35:29 Stone Mining
36:02 Leather Archer Armor
37:07 Two-Handed Swordsman
39:36 Plate Mail Armor
38:37 Champion
40:20 Blast Furnace
38:58 Capped Ram
41:41 Two-Man Saw
41:45 Ring Archer Armor
42:40 Bodkin Arrow
46:26 Hand Cart
46:41 Conscription
48:36 Elite Samurai
50:38 Kataparuto
51:05 Town Patrol
51:07 Bracer
52:29 Chemistry
51:35 Siege Engineers
51:51 Ballistics
56:16 Scale Barding Armor
El dengue
9:57 Feudal Age
9:08 Loom
20:27 Castle Age
34:24 Fletching
48:29 Imperial Age
48:57 Ballistics
Connection lost

Rejoining the realm…

Still unreachable

The connection could not be restored.

Session expired

The server has moved on; the page needs a fresh start.